 Dungeon Crawl Stone Soup version 0.29-a0-25-g7f48f510a0 (webtiles) character file.

Game seed: 6014504743396151346

2823 funkygono the Arsonist (level 9, -2/45 HPs)
             Began as a Gargoyle Fire Elementalist on Jan 31, 2022.
             Was a Believer of Vehumet.
             Slain by an ice devil (12 damage)
             ... on level 7 of the Dungeon.
             The game lasted 00:15:50 (7478 turns).

funkygono the Arsonist (Gargoyle Fire Elementalist) Turns: 7478, Time: 00:15:51

Health: -2/45      AC: 11    Str: 13    XL:     9   Next: 73%
Magic:  14/21      EV: 12    Int: 19    God:    Vehumet [**....]
Gold:   139        SH:  0    Dex: 10    Spells: 12/24 levels left

rFire   . . .      SeeInvis .   F - +1 whip (freeze)
rCold   . . .      Faith    .   (no shield)
rNeg    + . .      Spirit   .   a - +0 robe
rPois   ∞          Reflect  .   (no helmet)
rElec   +          Harm     .   r - +1 cloak
rCorr   +          Rampage  .   x - +0 pair of gloves
Will    .....                   (no boots)
Stlth   ++........              g - amulet of magic regeneration
HPRegen 0.15/turn               y - ring of resist corrosion
MPRegen 0.57/turn               (no ring)

@: no status effects
A: sickness immunity, AC +6, negative energy resistance 1, electricity
resistance, torment resistance 1, petrification resistance
a: Renounce Religion


You were on level 7 of the Dungeon.
You worshipped Vehumet.
Vehumet was pleased with you.
You visited 2 branches of the dungeon, and saw 8 of its levels.

You collected 349 gold pieces.
You spent 210 gold pieces at shops.

Inventory:

Hand Weapons
 b - a +0 club
 f - a +1 flail of draining
 m - a +0 flail
 n - a +0 whip
 o - the +4 short sword of Cowardice {holy, Str+8}
   (You found it on level 3 of the Dungeon)

   It has been blessed by the Shining One to cause great damage to the undead
   and demons.
   Str:       It affects your strength (+8).
 B - a +2 flail of draining
 F - a +1 whip of freezing (weapon)
Missiles
 e - 193 stones
Armour
 a - a +0 robe (worn)
 d - a +0 scale mail
 l - a +1 pair of gloves
 r - a +1 cloak (worn)
 w - a scarf of repulsion
 x - a +0 pair of gloves (worn)
 z - the +1 kite shield of the Wheelwright {rN+ Slay+2}
   (You acquired it on level 6 of the Dungeon)

   Slay:      It affects your accuracy & damage with ranged weapons and melee
   (+2).
   rN:        It protects you from negative energy.
 D - a +1 scale mail of poison resistance
Jewellery
 g - an amulet of magic regeneration (around neck)
 y - a ring of resist corrosion (left hand)
Scrolls
 q - 2 scrolls of fog
 s - a scroll of blinking
 t - 2 scrolls of teleportation
 C - a scroll of magic mapping
Potions
 c - a potion of brilliance {unknown}
 h - 2 potions of attraction
 i - 2 potions of heal wounds
 j - 2 potions of flight
 k - 2 potions of berserk rage
 p - a potion of curing
 u - a potion of magic {unknown}
 v - 2 potions of lignification
 A - a potion of degeneration {unknown}


   Skills:
 + Level 0.1 Fighting
 + Level 0.4 Maces & Flails
 + Level 2.0 Dodging
 - Level 2.1 Stealth
 * Level 8.1 Spellcasting
 * Level 5.3 Conjurations
 * Level 8.5 Fire Magic
 * Level 3.0 Earth Magic


You had 12 spell levels left.
You knew the following spells:

 Your Spells              Type           Power      Damage    Failure   Level
a - Foxfire               Conj/Fire      100%       2x1d9     1%          1
b - Scorch                Fire           80%        2d9       1%          2
c - Conjure Flame         Conj/Fire      34%        6-21      1%          3
d - Flame Wave            Conj/Fire      34%        2d8       5%          4
e - Sandblast             Erth           38%        2d10      2%          1
f - Shock                 Conj/Air       68%        1d7       3%          1

Your spell library contained the following spells:

 Spells                   Type           Power      Damage    Failure   Level
 Inner Flame              Hex/Fire       23%        N/A       4%          3
 Summon Small Mammal      Summ           28%        N/A       9%          1
 Call Canine Familiar     Summ           7%         N/A       26%         3
 Summon Guardian Golem    Hex/Summ       7%         N/A       26%         3


Dungeon Overview and Level Annotations

Branches:
Dungeon (7/15)             Temple (1/1) D:4

Altars:
Ashenzari
Dithmenos
Elyvilon
Gozag
Hepliaklqana
Makhleb
Nemelex Xobeh
Okawaru
Ru
Sif Muna
Trog
Uskayaw
Vehumet
Wu Jian
Xom
Yredelemnul
Zin

Shops:
D:4 [


Innate Abilities, Weirdness & Mutations

You are immune to sickness and miasma.
Your stone body is resilient. (AC +6)
You are immune to poison.
You resist negative energy. (rN+)
You are resistant to electric shocks. (rElec)
You are resistant to unholy torment.
You are immune to petrification.


Message History

Casting: Scorch (safe; 1% risk of failure)
Confirm with . or Enter, or press ? or * to list all spells.
Flames lash the freezing wraith.
The freezing wraith is burned terribly!
The freezing wraith is heavily damaged.
The freezing wraith's fire resistance burns away.
The ice devil barely misses you. The white imp gestures at you.
The puff of frost hits you.
Casting: Scorch (safe; 1% risk of failure)
Confirm with . or Enter, or press ? or * to list all spells.
You conjure some foxfire!
The ice devil hits you but does no damage.
Casting: Foxfire (safe; 1% risk of failure)
Confirm with . or Enter, or press ? or * to list all spells.
You conjure some foxfire!
The foxfire hits the ice devil but does no damage.
The ice devil is moderately wounded.
The foxfire hits the ice devil!
The ice devil is burned terribly!
The ice devil is heavily wounded.
The ice devil barely misses you. The freezing wraith barely misses you.
The freezing wraith hits you but does no damage.
Your foxfire dissipates!
The foxfire hits the ice devil.
The ice devil is heavily wounded.
The white imp laughs crazily.
Casting: Foxfire (safe; 1% risk of failure)
Confirm with . or Enter, or press ? or * to list all spells.
Flames lash the ice devil.
The ice devil is burned terribly!
The ice devil is almost dead.
The ice devil's fire resistance burns away.
The ice devil hits you. The ice devil freezes you!!
Unknown command.
The white imp gestures at you. The puff of frost hits you.
Casting: Scorch (safe; 1% risk of failure)
Confirm with . or Enter, or press ? or * to list all spells.
You conjure some foxfire!
The ice devil hits you.
* * * LOW HITPOINT WARNING * * *
The ice devil freezes you!
You die...

......#.# ##..#
#....#. ≈≈#...#.#
#..## #......
#≈...'.# ##..# ...
#≈#..'.# #..###....
#≈..'.# ###........
#≈..'5##
##....#.....
#≈≈#..#..#####....##
.... ...W
##..W.#.....# ...
.... ##.W4@v....##
.. ### #..###v....#
. ##..# ##....#
#..## #....# #..#
#...... #[##
#......# #.#
#...#### ### #..##


You could see an ice devil (combustible, ally target), 2 freezing wraiths and a
white imp.

Vanquished Creatures
  Pikel (D:6)
  Edmund (D:6)
  A black bear (D:6)
  3 ogres
  4 necrophages
  2 sky beasts
  A centaur (D:4)
  4 lemures (D:6)
  A kobold brigand (D:6)
  A scorpion (D:4)
  A bullfrog (D:6)
  2 water moccasin skeletons
  3 jellies
  A centaur zombie (D:6)
  3 bullfrog skeletons
  2 orc priests (D:5)
  2 hounds
  2 centaur skeletons (D:6)
  A gnoll shaman (D:6)
  4 iguanas
  Jessica (D:2)
  Natasha (thrice) (D:2)
  3 orc wizards (D:6)
  6 gnolls
  10 adders
  6 white imps
  3 worms
  A dart slug (D:2)
  13 orcs
  12 endoplasms
  3 giant cockroaches
  10 goblins
  9 hobgoblins
  13 kobolds
  4 quokkas
  11 ball pythons
  9 bats
  3 frilled lizards
  7 rats
167 creatures vanquished.

Vanquished Creatures (others)
  508 foxfires
508 creatures vanquished.

Grand Total: 675 creatures vanquished

Notes
Turn   | Place    | Note
-------+----------+-------------------------------------------
     0 | D:1      | funkygono the Gargoyle Fire Elementalist began the quest
                  | for the Orb.
     0 | D:1      | Reached XP level 1. HP: 10/10 MP: 3/3
   237 | D:1      | Reached XP level 2. HP: 15/15 MP: 3/5
   240 | D:1      | Learned a level 2 spell: Scorch
   654 | D:1      | Reached XP level 3. HP: 19/19 MP: 2/6
   716 | D:1      | Learned a level 3 spell: Conjure Flame
  1599 | D:2      | Noticed Jessica
  1604 | D:2      | Killed Jessica
  1605 | D:2      | Reached XP level 4. HP: 24/24 MP: 4/8
  2011 | D:2      | Reached XP level 5. HP: 28/28 MP: 2/9
  2076 | D:2      | Noticed Natasha
  2083 | D:2      | Killed Natasha
  2256 | D:2      | Noticed Natasha
  2262 | D:2      | Killed Natasha
  3337 | D:2      | Noticed Natasha
  3342 | D:2      | Killed Natasha
  3426 | D:3      | Learned a level 4 spell: Flame Wave
  3469 | D:3      | Reached skill level 5 in Fire Magic
  3540 | D:3      | Found a hide-covered altar of Uskayaw.
  3541 | D:3      | Found a shimmering altar of Xom.
  3575 | D:3      | Noticed a sky beast
  3583 | D:3      | Killed a sky beast
  3584 | D:3      | Reached XP level 6. HP: 32/32 MP: 6/11
  3695 | D:3      | Found a shadowy altar of Dithmenos.
  3921 | D:3      | Identified the +4 short sword of Cowardice {holy, Str+8}
  4236 | D:4      | Found a staircase to the Ecumenical Temple.
  4296 | Temple   | Entered the Ecumenical Temple
  4317 | Temple   | Became a worshipper of Vehumet
  4386 | D:4      | Reached XP level 7. HP: 36/36 MP: 7/13
  4684 | D:4      | Found Biuhesoze's Antique Armour Emporium.
  4697 | D:4      | Bought a glowing cloak for 210 gold pieces
  4728 | D:4      | Found a basalt altar of Yredelemnul.
  4866 | D:4      | Reached skill level 5 in Spellcasting
  4873 | D:4      | Reached XP level 8. HP: 39/41 MP: 11/15
  5144 | D:4      | Reached * piety under Vehumet
  5144 | D:4      | Offered knowledge of Sandblast by Vehumet.
  5152 | D:4      | Learned a level 1 spell: Sandblast
  5494 | D:5      | Entered Level 5 of the Dungeon
  5997 | D:5      | Found a burning altar of Makhleb.
  5997 | D:5      | Noticed an Executioner
  6087 | D:5      | Reached skill level 1 in Earth Magic
  6173 | D:5      | Found a bloodstained altar of Trog.
  6580 | D:6      | Reached XP level 9. HP: 34/45 MP: 12/19
  6914 | D:6      | Noticed Edmund
  6928 | D:6      | Killed Edmund
  7063 | D:6      | Reached ** piety under Vehumet
  7079 | D:6      | Offered knowledge of Shock by Vehumet.
  7091 | D:6      | Reached skill level 5 in Conjurations
  7093 | D:6      | Learned a level 1 spell: Shock
  7151 | D:6      | Noticed Pikel
  7179 | D:6      | Killed Pikel
  7344 | D:6      | Found an ornate altar of the Wu Jian Council.
  7385 | D:6      | Identified a scroll of acquirement
  7385 | D:6      | Acquired the +1 kite shield of the Wheelwright {rN+ Slay+2}
  7462 | D:7      | Noticed a freezing wraith
  7463 | D:7      | Noticed an ice devil
  7466 | D:7      | Noticed a freezing wraith
  7478 | D:7      | Slain by an ice devil

Illustrated notes

Levels and vault maps discovered:
D:1:      dpeg_arrival_shelter, layout_basic, chequers_serial_rivers_micro_e,
          st_stairs_5
D:2:      layout_loops_corners, minmay_small_reverse_x, uniq_jessica,
          uniq_natasha
D:3:      layout_rooms, nicolae_dithmenos_shadow_blocks,
          mainiacjoe_overflow_alcove_1, eat_drink_and_be_merry_uskayaw,
          roderic_roman_lattice
D:4:      minmay_clustersquares, layout_gridville,
          mainiacjoe_overflow_small_starburst, minmay_temple_entry_antechambers,
          serial_shops, shop
D:5:      layout_gridville, lightli_temple_of_fire, makhleb_altar_promises_db
D:6:      layout_loops_ring, pdpol_wu_jian_five_deadly_venoms,
          minmay_misc_feat_five, nicolae_figureground_sparkle, uniq_pikel,
          uniq_edmund
D:7:      minmay_opposing_rooms, layout_layer_cave, grunt_temple_overflow_open,
          dk_noncrumbling_4, hellmonk_guarded_unrand_frostbite
Temple:   eino_wide_crystal_templ

Skill      XL: |  1  2  3  4  5  6  7  8  9 |
---------------+----------------------------+-----
Conjurations   | 2 3 4 5 |  5.3
Fire Magic     | 4 5 6 7 8 |  8.5
Spellcasting   | 3 4 5 6 8 |  8.1
Earth Magic    | 1 3 |  3.0
Dodging        | 2 |  2.0
Fighting       | |  0.1
Maces & Flails | |  0.4
Stealth        | |  2.1

Action                   |  1- 3 |  4- 6 |  7- 9 || total
-------------------------+-------+-------+-------++-------
Melee: Club              |     3 |     2 |       ||     5
       Flail             |       |       |    11 ||    11
 Cast: Foxfire           |    44 |    81 |   186 ||   311
       Scorch            |     9 |    23 |    51 ||    83
       Sandblast         |       |       |    40 ||    40
       Flame Wave        |       |       |     2 ||     2
  Use: Scroll            |       |     6 |     6 ||    12
Armor: Robe              |     2 |     6 |    31 ||    39
Dodge: Dodged            |    10 |    15 |    39 ||    64

Table legend: (Time is in decaauts)
 A = Elapsed time spent in this place.
 B = Non-inter-level travel time spent in this place.
 C = Inter-level travel time spent in this place.
 D = Time resting spent in this place.
 E = Time spent auto-exploring this place.
 F = Levels seen in this place.
 G = Mean time per level.
                   A        B        C        D        E       F      G
               +--------+--------+--------+--------+--------+-----+--------+
         Total |   7481 |   7227 |    254 |    102 |   5105 |   8 |  935.1 |
       Dungeon |   7417 |   7176 |    241 |    102 |   5070 |   7 | 1059.6 |
        Temple |     64 |     51 |     13 |      0 |     35 |   1 |   64.0 |
               +--------+--------+--------+--------+--------+-----+--------+

Top non-repeatable levels by time:
     D:2: 2003 daAuts
     D:1: 1451 daAuts
     D:4: 1370 daAuts
     D:5: 969 daAuts
     D:6: 937 daAuts
     D:3: 606 daAuts
     D:7: 76 daAuts
  Temple: 64 daAuts
